 Dungeon Crawl Stone Soup version 0.30-a0-1157-g2cc9ac7196 (webtiles) character file.

Game seed: 12496653544279814269

3 GloriousHammer the Shield-Bearer (level 1, -2/19 HPs)
             Began as a Meteoran Fighter on Apr 25, 2023.
             Was a Follower of Sif Muna.
             Slain by a ball python (3 damage)
             ... on level 2 of the Dungeon.
             The game lasted 00:00:47 (39 turns).

GloriousHammer the Shield-Bearer (Meteoran Fighter)   Turns: 39, Time: 00:00:48

Health: -2/19      AC:  6    Str: 17    XL:     1   Next: 71%
Magic:  2/2        EV:  6    Int:  9    God:    Sif Muna [*.....]
Gold:   0          SH:  5    Dex: 13    Spells: 0/0 levels left

rFire   . . .        a - +0 war axe
rCold   . . .        c - +0 buckler
rNeg    . . .        b - +0 scale mail
rPois   .            (no helmet)
rElec   .            (no cloak)
rCorr   .            (no gloves)
SInv    .            (no boots)
Will    .....        (no amulet) Stlth
                     (no ring)
HPRegen 0.23/turn    (no ring)
MPRegen 0.08/turn

%: no passive effects
@: glowing, constricted
A: sense surroundings 1, otherworldly, glowing, explore regen
a: Renounce Religion, Channel Magic


You were on level 2 of the Dungeon.
You worshipped Sif Muna.
Sif Muna was aware of your devotion.
You visited 1 branch of the dungeon, and saw 2 of its levels.

Inventory:

Hand Weapons
 a - a +0 war axe (weapon)
Armour
 b - a +0 scale mail (worn)
 c - a +0 buckler (worn)
Scrolls
 e - a scroll of identify {unknown}
Potions
 d - a potion of might


   Skills:
 + Level 3.3 Fighting
 * Level 2.6 Axes
 - Level 3.6 Armour
 + Level 3.7 Shields


You couldn't memorise any spells.
You didn't know any spells.
Your spell library was empty.

Dungeon Overview and Level Annotations

Branches:
Dungeon (2/15) Zot: 1155

Altars:
Sif Muna


Innate Abilities, Weirdness & Mutations

You passively map a small area around you.
You are easily found by Zot.
You glow in the dark.
You regain HP and MP as you explore.


Message History

Welcome, GloriousHammer the Meteoran Fighter.
The heart of this dungeon contains the magnificent artefact, the Orb of Zot.
Press ? for a list of commands and other information.
Found a staircase leading out of the dungeon.
Your library has no spells.
There is a shaft here.
You fall into a shaft and drop 1 floor!
The shaft crumbles and collapses.
Found a scroll labelled ZUBAD KOEJIOM.
Found a faded altar of an unknown god.
A worm comes into view.
There is a faded altar of an unknown god here.
This altar belongs to (a) Vehumet, (b) Lugonu or (c) Sif Muna, but you can't tell which.
Press the corresponding letter to learn more about a god, or press enter to convert or escape to cancel.
Sif Muna accepts your prayer! Sif Muna welcomes you!
You can now call upon Sif Muna for magical energy.
A bat comes into view.
You hit the worm.
The worm is lightly wounded.
The bat hits you but does no damage. The worm bites you.
You hit the worm but do no damage.
The worm is lightly wounded.
You slash the bat!
You kill the bat!
Sif Muna accepts your kill. The worm bites you.
You hit the worm.
The worm is lightly wounded.
The worm bites you.
You barely miss the worm.
The worm is lightly wounded.
You block the worm's attack.
You hit the worm but do no damage.
The worm is lightly wounded.
You barely miss the worm.
The worm is lightly wounded.
The worm bites you.
You hit the worm.
The worm is lightly wounded.
The worm bites you.
* * * LOW HITPOINT WARNING * * *
There is a shimmering blue altar of Sif Muna here.
An endoplasm comes into view.
Found a scroll labelled KEIGGY YPNOT.
A ball python and a rat come into view.
The ball python hisses angrily.
You see here a scroll labelled ZUBAD KOEJIOM.
e - a scroll labelled ZUBAD KOEJIOM You barely miss the endoplasm.
The endoplasm freezes you.
You are frozen.
The endoplasm hits you.
* * * LOW HITPOINT WARNING * * *
You slash the endoplasm!
You kill the endoplasm!
Sif Muna accepts your kill.
You closely miss the rat. You barely miss the ball python.
The ball python bites you but does no damage.
The ball python barely misses you. The rat bites you but does no damage.
You block the ball python's attack. The ball python barely misses you.
You hit the rat.
You kill the rat!
Sif Muna accepts your kill.
You hit the ball python. You block the ball python's attack.
The ball python completely misses you.
The ball python bites you but does no damage.
The ball python grabs you. The ball python constricts you.
You barely miss the ball python.
The ball python is moderately wounded.
You slash the worm!
The ball python bites you but does no damage.
The ball python constricts you.
Unknown command.
You barely miss the ball python.
The ball python is moderately wounded.
You hit the worm but do no damage. The ball python barely misses you.
The ball python constricts you. The worm bites you.
* * * LOW HITPOINT WARNING * * *
The ball python bites you.
You die...

, , #..........
#..........
#.......?..
#..........
#..........
#####..........
......S.†......,,
.......@....... *
*,,....##.w#######
* ,.,,##...# ~ *
,, ##....#
*##...### * ~
######...##
##.......##* , ,
+......._≈# * , ,
.#.......## ,, ,


You could see a worm and a ball python.

Vanquished Creatures
  A bat (D:2)
  An endoplasm (D:2)
  A rat (D:2)
3 creatures vanquished.

Notes
Turn   | Place    | Note
-------+----------+-------------------------------------------
     0 | D:1      | GloriousHammer the Meteoran Fighter began the quest for the
                  | Orb.
     0 | D:1      | Reached XP level 1. HP: 19/19 MP: 2/2
    11 | D:1      | You fall into a shaft and drop 1 floor!
    11 | D:2      | Found a faded altar of an unknown god.
    15 | D:2      | Prayed at the altar of an unknown god.
    15 | D:2      | Became a worshipper of Sif Muna the Loreminder
    15 | D:2      | Reached * piety under Sif Muna
    39 | D:2      | Slain by a ball python

Illustrated notes

Levels and vault maps discovered:
D:1:      dpeg_arrival_signposts, layout_loops_ring
D:2:      kennysheep_big_flooded_room, layout_basic,
          hellmonk_ecumenical_altar_crossroads

Action                     || total
---------------------------++-------
  Melee: War axe           ||    12
 Armour: Scale mail        ||     5
  Dodge: Dodged            ||     4
  Block: Buckler           ||     3

Table legend: (Time is in decaauts)
 A = Elapsed time spent in this place.
 B = Non-inter-level travel time spent in this place.
 C = Inter-level travel time spent in this place.
 D = Time resting spent in this place.
 E = Time spent auto-exploring this place.
 F = Levels seen in this place.
 G = Mean time per level.
                   A        B        C        D        E       F      G
               +--------+--------+--------+--------+--------+-----+--------+
         Total |     43 |     43 |      0 |      0 |      0 |   2 |   21.5 |
       Dungeon |     43 |     43 |      0 |      0 |      0 |   2 |   21.5 |
               +--------+--------+--------+--------+--------+-----+--------+

Top non-repeatable levels by time:
     D:2: 32 daAuts
     D:1: 11 daAuts
